 Seeded DCSS version 0.30-a0-719-gcc4359ea44 (webtiles) character file.

Game seed: 11749711646813308375 (custom seed)

24696 hikkokomori the Fighter (level 13, -3/72 HPs)
             Began as a Vine Stalker Fighter on Jan 27, 2023.
             Was a High Priest of Okawaru.
             Slain by a freezing wraith (8 damage)
             ... on level 2 of the Lair of Beasts.
             The game lasted 00:25:55 (10861 turns).

hikkokomori the Fighter (Vine Stalker Fighter)     Turns: 10861, Time: 00:25:55

Health: -3/72      AC: 10    Str: 22    XL:     13   Next: 14%
Magic:  0/20       EV: 13    Int: 18    God:    Okawaru [*****.]
Gold:   1122       SH:  6    Dex: 18    Spells: 10/20 levels left

rFire   . . .      SeeInvis .    m - +8 hand axe of Mokeul {distort, Int+6 Dex+2}
rCold   . . .      Faith    .    c - +0 buckler
rNeg    . . .      Spirit   +    j - +0 ring mail "Bosaphan" {Rampage Int+2 Dex+2}
rPois   +          Reflect  .    O - +0 helmet
rElec   .          Harm     .    B - +1 cloak {rPois}
rCorr   .          Rampage  +    k - +0 pair of gloves
Will    ++...                    h - +0 pair of boots
Stlth   +++                      P - amulet of the acrobat
HPRegen 1.12/turn                y - ring of willpower
MPRegen 0.17/turn                g - ring of wizardry

@: flying
A: fangs 3, regeneration 1, magic shield, antimagic bite, no potion heal 2
a: Renounce Religion, Heroism, Finesse, Duel


You were on level 2 of the Lair of Beasts.
You worshipped Okawaru.
Okawaru was extremely pleased with you.
You visited 3 branches of the dungeon, and saw 14 of its levels.
You also visited: Sewer.

You collected 1248 gold pieces.
You spent 126 gold pieces at shops.

Inventory:

Hand Weapons
 i - a +2 dagger of speed
 m - the +8 hand axe of Mokeul (weapon) {distort, Int+6 Dex+2}
   (You took it off a gnoll on level 4 of the Dungeon)

   Int:       It affects your intelligence (+6).
   Dex:       It affects your dexterity (+2).
Missiles
 X - 2 throwing nets (quivered)
Armour
 c - a +0 buckler (worn)
 h - a +0 pair of boots (worn)
 j - the +0 ring mail "Bosaphan" (worn) {Rampage Int+2 Dex+2}
   (You found it on level 2 of the Dungeon)

   Int:       It affects your intelligence (+2).
   Dex:       It affects your dexterity (+2).
   Rampage:   It bestows one free step when moving towards enemies.
 k - a +0 pair of gloves (worn)
 B - a +1 cloak of poison resistance (worn)
 O - a +0 helmet (worn)
 Z - the +1 leather armour "Qona" {rF+ MP+9 Dex+4}
   (You found it on level 1 of the Lair of Beasts)

   Dex:       It affects your dexterity (+4).
   rF:        It protects you from fire.
   MP:        It affects your magic capacity (+9).
Jewellery
 b - an amulet of faith
 g - a ring of wizardry (right hand)
 y - a ring of willpower (left hand)
 D - a ring of ice
 F - a ring of resist corrosion
 H - a +6 ring of strength
 P - an amulet of the acrobat (around neck)
 V - a +6 ring of intelligence
Wands
 a - a wand of mindburst (3)
 o - a wand of paralysis (8)
 p - a wand of flame (29)
 A - a wand of quicksilver (4)
 Y - a wand of polymorph (5)
Scrolls
 e - a scroll of identify
 f - 9 scrolls of teleportation
 n - a scroll of blinking
 r - a scroll of vulnerability
 v - a scroll of brand weapon
 w - a scroll of enchant weapon
 x - 2 scrolls of poison
 z - a scroll of silence
 G - 2 scrolls of fear
 I - 4 scrolls of enchant armour
 K - 3 scrolls of amnesia
 M - a scroll of immolation
 R - a scroll of magic mapping
Potions
 d - 5 potions of might
 q - 2 potions of attraction
 s - 2 potions of ambrosia
 t - 2 potions of brilliance
 C - 7 potions of curing
 E - 4 potions of mutation
 J - 3 potions of resistance
 N - a potion of berserk rage
 Q - a potion of haste
 U - a potion of invisibility


   Skills:
 + Level 10.5 Fighting
 + Level 8.5(9.3) Axes
 - Level 5.4(7.7) Maces & Flails
 - Level 2.4 Armour
 + Level 5.6 Dodging
 - Level 8.1 Stealth
 - Level 5.9 Shields
 - Level 4.4 Spellcasting
 - Level 4.3 Translocations
 - Level 6.1 Air Magic
 + Level 6.6 Invocations


You had 10 spell levels left.
You knew the following spells:

 Your Spells              Type           Power      Damage    Failure   Level
a - Vhi's Electric Charg  Tloc/Air       46%        N/A       4%          3
b - Apportation           Tloc           38%        N/A       1%          1
c - Swiftness             Air            26%        N/A       2%          3
d - Teleport Other        Tloc           19%        N/A       6%          3

Your spell library contained the following spells:

 Spells                   Type           Power      Damage    Failure   Level
 Gell's Gravitas          Tloc           19%        N/A       6%          3
 Cigotuvi's Dreadful Rot  Necr/Pois/Air  22%        N/A       8%          2
 Slow                     Hex            16%        N/A       12%         1
 Ensorcelled Hibernation  Hex/Ice        8%         N/A       17%         2
 Passwall                 Tmut/Erth      3%         N/A       17%         2
 Confusing Touch          Hex            4%         N/A       32%         3
 Inner Flame              Hex/Fire       4%         N/A       32%         3
 Vampiric Draining        Necr           4%         2d6       32%         3
 Arcjolt                  Conj/Air       7%         1d17      63%         5
 Anguish                  Hex/Necr       2%         N/A       71%         4
 Cause Fear               Hex            2%         N/A       71%         4
 Dispel Undead            Necr           4%         3d7       71%         4
 Dispersal                Tloc           9%         N/A       94%         6
 Alistair's Intoxication  Tmut/Pois      2%         N/A       95%         5
 Enfeeble                 Hex            2%         N/A       100%        7
 Discord                  Hex            2%         N/A       100%        8
 Maxwell's Capacitive Co  Air            13%        ∞         100%        8
 Death Channel            Necr           Unusable   N/A       N/A         6

Dungeon Overview and Level Annotations

Branches:
Dungeon (11/15)            Temple (1/1) D:7            Lair (2/5) D:11
  Sewer (visited)
  Swamp: Lair:2-3    Shoals: Lair:2-3     Snake: Lair:2-3    Spider: Lair:2-3
    Orc: D:9-12

Altars:
Ashenzari
Cheibriados
Dithmenos
Elyvilon
Fedhas
Gozag
Hepliaklqana
Kikubaaqudgha
Makhleb
Nemelex Xobeh
Okawaru
Qazlal
Ru
Sif Muna
Trog
Uskayaw
Vehumet
Wu Jian
Xom
Yredelemnul
Zin
The Shining One

Shops:
D:4 [   D:9 *

Annotations:
D:4 1 transporter, hikkokomori's ghost, novice VSFi
Abyss:1 Harold; Sigmund


Innate Abilities, Weirdness & Mutations

You have razor-sharp teeth.
Your natural rate of healing is unusually fast.
When hurt, damage is shared between your health and your magic reserves.
Your bite disrupts and absorbs the magic of your enemies.
Potions cannot restore your health.


Message History

The freezing wraith is lightly damaged.
The freezing wraith hits you. The freezing wraith freezes you!
The freezing wraith closely misses you.
You hit the freezing wraith but do no damage.
Space warps horribly around the freezing wraith!
The freezing wraith is heavily damaged.
You hit the ice beast. You hit the ice beast but do no damage.
The ice beast blinks!
You barely miss the freezing wraith.
The freezing wraith is heavily damaged.
You hit the ice beast.
The ice beast blinks!
You block the freezing wraith's attack.
The freezing wraith hits you but does no damage.
You hit the freezing wraith.
Space warps around the freezing wraith.
The freezing wraith is severely damaged.
The polar bear growls angrily.
The freezing wraith hits you. The freezing wraith freezes you!
The freezing wraith barely misses you.
The polar bear growls angrily.
You hit the freezing wraith but do no damage.
You bite the freezing wraith, but do no damage.
The freezing wraith is severely damaged.
You hit the ice beast.
Space warps around the ice beast.
The ice beast hits you. The ice beast freezes you!
The freezing wraith hits you. The freezing wraith freezes you!!
* * * LOW HITPOINT WARNING * * *
You block the freezing wraith's attack.
You hit the freezing wraith. Your bite misses the freezing wraith.
The freezing wraith is severely damaged.
You slash the ice beast!
Space warps horribly around the ice beast!
You kill the ice beast!
Okawaru accepts your kill.
You hit the ice beast but do no damage.
Space warps around the ice beast!
You hit the polar bear.
Space warps around the polar bear.
The polar bear bites you!
* * * LOW HITPOINT WARNING * * *
The polar bear barely misses you. The polar bear closely misses you.
The ice beast barely misses you. The freezing wraith hits you!
You die...

≈~≈.≈≈..≈~≈≈##....[.
≈≈...~~.≈≈...≈≈≈##......
≈.~.≈.~≈≈~≈.≈...#.......
.≈≈≈≈≈≈≈≈≈≈≈≈...##.....P
.≈≈≈≈≈≈≈≈≈≈≈≈≈..###....#
.≈≈≈≈≈≈≈≈≈≈≈≈≈...##....#
.≈≈≈≈h/Y§≈≈≈≈≈..##......
..≈≈≈≈Yh[≈≈≈≈...###.....
..≈≈≈≈=@W≈≈≈≈....##.....
.≈≈≈≈≈))°°≈≈≈≈..........
.≈≈≈≈≈≈≈≈≈≈≈≈≈...#......
.≈≈≈≈h≈≈≈≈≈≈≈≈.....>....
.≈≈≈≈≈≈≈≈≈≈≈≈......#####
~...h≈≈≈≈~~.≈.≈≈≈..#
.....≈.≈≈≈...~~≈#..#
~~≈.≈≈≈.~≈≈?≈~≈≈#..#
≈≈.....≈.~≈~~.P...#


You could see 4 polar bears, a freezing wraith and 2 ice beasts.

Vanquished Creatures
  Gastronok (Lair:1)
  Fannar (D:11)
  A two-headed ogre (D:9)
  Nergalle (Lair:1)
  Lodul (D:11)
  2 cyclopes (D:11)
  A manticore (Lair:2)
  2 elephants (Lair:2)
  Maggie (Lair:1)
  2 cane toads (Lair:1)
  Psyche (D:8)
  2 komodo dragons
  A hornet (D:10)
  2 trolls (D:11)
  A wind drake (Lair:2)
  A polar bear (Lair:2)
  9 blink frogs
  2 shadows
  17 yaks
  2 wyverns
  A steam dragon (D:6)
  3 vampire mosquitoes (D:10)
  Menkaure (D:7)
  5 water moccasins
  4 black bears
  3 orc warriors
  Pargi (Sewer)
  4 ice beasts
  2 sky beasts
  11 ogres
  9 centaurs
  8 wolves (Lair:2)
  2 phantoms
  3 kobold brigands
  6 bullfrogs
  4 necrophages
  A scorpion (D:6)
  8 wights (D:7)
  8 killer bees
  A howler monkey (D:9)
  A jelly (D:7)
  3 hounds
  A gnoll bouda (D:4)
  5 orc priests
  Crazy Yiuf (D:6)
  3 iguanas
  Ijyb (D:4)
  Terence (D:3)
  Natasha (thrice) (D:4)
  7 orc wizards
  10 gnolls (D:4)
  7 adders
  2 shadow imps (D:7)
  7 white imps
  A worm (D:3)
  3 dart slugs
  34 orcs
  5 ball pythons
  5 endoplasms
  4 giant cockroaches
  5 goblins
  4 hobgoblins
  10 quokkas
  7 bats
  4 frilled lizards (Sewer)
  16 kobolds
  3 rats
289 creatures vanquished.

Vanquished Creatures (others)
  124 fungi
  84 plants
208 creatures vanquished.

Grand Total: 497 creatures vanquished

Notes
Turn   | Place    | Note
-------+----------+-------------------------------------------
     0 | D:1      | hikkokomori the Vine Stalker Fighter began the quest for
                  | the Orb.
     0 | D:1      | Reached XP level 1. HP: 11/11 MP: 2/2
   164 | D:1      | Reached XP level 2. HP: 15/16 MP: 3/3
   333 | D:1      | Reached skill level 3 in Fighting
   857 | D:2      | Reached XP level 3. HP: 20/20 MP: 2/4
  1017 | D:2      | Identified the +0 ring mail "Bosaphan" {Rampage Int+2
                  | Dex+2}
  1259 | D:2      | Noticed Sigmund
  1437 | D:3      | Noticed an ogre
  1450 | D:3      | Killed an ogre
  1451 | D:3      | Gained mutation: Your natural rate of healing is unusually
                  | fast. [Vine Stalker growth]
  1451 | D:3      | Reached XP level 4. HP: 25/25 MP: 5/5
  1451 | D:3      | Reached XP level 5. HP: 29/29 MP: 6/6
  1535 | D:3      | Noticed Terence
  1578 | D:3      | Killed Terence
  1774 | D:3      | Reached skill level 4 in Fighting
  1826 | D:3      | Found a glowing silver altar of Zin.
  2231 | D:4      | Found a transporter.
  2233 | D:4      | Identified the +9 dire flail of the Sky {heavy, rElec SInv}
  2233 | D:4      | Noticed an ogre
  2233 | D:4      | Noticed hikkokomori's ghost (novice VSFi)
  2236 | D:4      | Noticed an ogre
  2307 | D:4      | Reached XP level 6. HP: 18/33 MP: 5/7
  2371 | D:4      | Noticed Natasha
  2381 | D:4      | Killed Natasha
  2454 | D:5      | Entered Level 5 of the Dungeon
  2456 | D:5      | Noticed a black bear
  2487 | D:5      | Killed a black bear
  2498 | D:5      | Found a glowing drain.
  2524 | Sewer    | Entered a sewer
  2602 | Sewer    | Noticed Pargi
  2623 | Sewer    | Killed Pargi
  2624 | Sewer    | Reached XP level 7. HP: 36/38 MP: 6/8
  3034 | D:5      | Reached skill level 5 in Fighting
  3034 | D:5      | Reached skill level 5 in Shields
  3126 | D:5      | Gained mutation: You have razor-sharp teeth. [Vine Stalker
                  | growth]
  3126 | D:5      | Reached XP level 8. HP: 30/43 MP: 4/9
  3163 | D:5      | Reached skill level 5 in Maces & Flails
  3237 | D:5      | HP: 2/44 [poisoned by a water moccasin]
  3242 | D:5      | HP: 2/44 [poisoned by a water moccasin]
  3287 | D:4      | Found Qeagye's Antique Armour Shoppe.
  3290 | D:4      | Bought a pair of gloves for 126 gold pieces
  3425 | D:4      | Identified the +8 hand axe of Mokeul {distort, Int+6 Dex+2}
  3447 | D:4      | Noticed Natasha
  3463 | D:4      | Learned a level 3 spell: Vhi's Electric Charge
  3726 | D:4      | Reached skill level 1 in Stealth
  3784 | D:4      | Killed Natasha
  3819 | D:4      | Noticed Ijyb
  3829 | D:4      | Noticed Natasha
  3834 | D:4      | Killed Natasha
  3835 | D:4      | Reached skill level 6 in Fighting
  3918 | D:4      | Killed Ijyb
  3919 | D:4      | Reached skill level 1 in Spellcasting
  3976 | D:4      | Reached skill level 1 in Air Magic
  4049 | D:4      | Reached skill level 1 in Axes
  4126 | D:2      | Banished Sigmund
  4296 | D:5      | Reached XP level 9. HP: 48/48 MP: 12/12
  5030 | D:6      | Identified the +5 hammer of the Ghost {pain, rCorr}
  5032 | D:6      | Identified the +6 hammer of Cuceli {pain, rN++ rCorr}
  5040 | D:6      | Found a runed translucent door.
  5041 | D:6      | Noticed Crazy Yiuf
  5125 | D:6      | Killed Crazy Yiuf
  5898 | D:7      | Noticed Menkaure
  5904 | D:7      | Killed Menkaure
  5905 | D:7      | Reached skill level 5 in Stealth
  5929 | D:7      | Reached skill level 7 in Fighting
  5968 | D:7      | Found a staircase to the Ecumenical Temple.
  6016 | Temple   | Entered the Ecumenical Temple
  6159 | Temple   | Became a worshipper of Warmaster Okawaru
  6520 | D:7      | Reached XP level 10. HP: 42/55 MP: 13/17
  6965 | D:8      | Found a sparkling altar of Nemelex Xobeh.
  6994 | D:8      | Noticed Psyche
  7002 | D:8      | Killed Psyche
  7269 | D:8      | Reached * piety under Okawaru
  7645 | D:9      | Reached skill level 1 in Translocations
  8031 | D:9      | Noticed a two-headed ogre
  8041 | D:9      | Killed a two-headed ogre
  8041 | D:9      | Reached ** piety under Okawaru
  8042 | D:9      | Reached skill level 5 in Air Magic
  8169 | D:9      | Found Dyniqeump's Assorted Antiques.
  8296 | D:10     | Entered Level 10 of the Dungeon
  8315 | D:10     | Noticed a brown ugly thing
  8318 | D:10     | Banished a brown ugly thing
  8335 | D:10     | Noticed a boulder beetle
  8374 | D:10     | Banished a boulder beetle
  8375 | D:10     | Reached skill level 8 in Fighting
  8375 | D:10     | Reached skill level 5 in Axes
  8375 | D:10     | Reached XP level 11. HP: 47/60 MP: 10/18
  9034 | D:10     | Paralysed by a hornet for 1 turns
  9095 | D:10     | Learned a level 1 spell: Apportation
  9099 | D:10     | Learned a level 3 spell: Swiftness
  9103 | D:10     | Learned a level 3 spell: Teleport Other
  9182 | D:11     | Noticed a cyclops
  9195 | D:11     | Killed a cyclops
  9196 | D:11     | Reached skill level 1 in Dodging
  9225 | D:11     | Noticed Lodul
  9241 | D:11     | Reached *** piety under Okawaru
  9247 | D:11     | Killed Lodul
  9248 | D:11     | Reached skill level 1 in Invocations
  9303 | D:11     | Noticed a cyclops
  9317 | D:11     | Killed a cyclops
  9317 | D:11     | Reached **** piety under Okawaru
  9320 | D:11     | Noticed Fannar
  9336 | D:11     | Killed Fannar
  9337 | D:11     | Reached skill level 9 in Fighting
  9347 | D:11     | Found a staircase to the Lair.
  9621 | D:11     | Reached XP level 12. HP: 65/66 MP: 19/19
  9627 | D:11     | Reached ***** piety under Okawaru
  9657 | D:11     | Noticed Harold
  9674 | D:11     | Banished Harold
  9733 | Lair:1   | Entered Level 1 of the Lair of Beasts
  9891 | Lair:1   | Received a gift from Okawaru
 10013 | Lair:1   | Identified the +1 leather armour "Qona" {rF+ MP+9 Dex+4}
 10108 | Lair:1   | Noticed Nergalle
 10113 | Lair:1   | Killed Nergalle
 10114 | Lair:1   | Reached skill level 5 in Invocations
 10175 | Lair:1   | Noticed Gastronok
 10186 | Lair:1   | Killed Gastronok
 10432 | Lair:1   | Noticed Maggie
 10449 | Lair:1   | Killed Maggie
 10582 | Lair:2   | Reached skill level 10 in Fighting
 10635 | Lair:2   | Reached skill level 5 in Dodging
 10743 | Lair:2   | Reached XP level 13. HP: 62/72 MP: 16/20
 10861 | Lair:2   | Slain by a freezing wraith

Illustrated notes

Levels and vault maps discovered:
D:1:      dpeg_arrival_tiny_c, layout_loops_cross
D:2:      layout_basic, uniq_sigmund
D:3:      layout_loops_ring, zin_treasury, kennysheep_generic_room_2,
          uniq_terence
D:4:      layout_loops_corners, gammafunk_ghost_smash,
          nicolae_kite_square_tiling_tiny, grunt_decor_arrowhead,
          roderic_lattice_a, chequers_serial_rivers_room_a,
          nicolae_stop_n_shop_2, pf_guarded_unrand_woodcutter, uniq_ijyb,
          uniq_natasha
D:5:      layout_basic, portal_sewer_entry_f
D:6:      layout_loops_ring, uniq_crazy_yiuf_cottage
D:7:      layout_basic, minmay_temple_entry_hall, skrybe_limestone_x,
          minmay_fractal_squares_diagonal_5, uniq_menkaure
D:8:      layout_basic, mainiacjoe_overflow_tiny_flanked, minivault_21,
          uniq_psyche
D:9:      layout_rooms, serial_shops, nicolae_take_the_stairs
D:10:     layout_loops_ring, nzn_sisyphean_effort
D:11:     layout_rooms, due_lair_maze_entry_diamond, moated_statue, uniq_fannar,
          uniq_lodul, uniq_harold
Temple:   mainiacjoe_temple_big_plus
Lair:1:   layout_long_grid, uniq_nergalle, uniq_gastronok, uniq_maggie
Lair:2:   mu_elephants_graveyard, layout_gridlike, minmay_shoals_entry_beasts,
          hellmonk_spider_entry_not_the_bees, ice2_lemuel

Skill      XL: |  1  2  3  4  5  6  7  8  9 10 11 12 |
---------------+-------------------------------------+-----
Maces & Flails | 2 3 4 5 |  5.4
Shields        | 3 4 5 |  5.9
Fighting       | 3 4 5 6 7 8 9 10 | 10.5
Stealth        | 2 5 7 8 |  8.1
Spellcasting   | 1 4 |  4.4
Air Magic      | 1 4 5 6 |  6.1
Axes           | 1 3 5 6 8 |  8.5
Translocations | 3 4 |  4.3
Dodging        | 3 5 |  5.6
Invocations    | 3 6 |  6.6
Armour         | |  2.4

Action                     |  1- 3 |  4- 6 |  7- 9 | 10-12 | 13-15 || total
---------------------------+-------+-------+-------+-------+-------++-------
  Melee: Flail             |    55 |       |       |       |       ||    55
         Bite              |    14 |    48 |    95 |   131 |    15 ||   303
         Dagger            |    41 |   174 |   232 |       |       ||   447
         Hand axe          |       |       |   101 |   351 |    47 ||   499
   Cast: Vhi's Electric Ch |       |       |       |     2 |       ||     2
 Invoke: Heroism           |       |       |       |     4 |     1 ||     5
  Evoke: Wand              |       |       |       |     3 |       ||     3
    Use: Scroll            |     1 |       |    13 |     9 |       ||    23
         Potion            |     1 |       |     6 |       |     1 ||     8
   Stab: Sleeping          |       |       |     4 |    10 |       ||    14
         Distracted        |       |       |       |     2 |       ||     2
 Armour: Scale mail        |    21 |       |       |       |       ||    21
         Ring mail         |     8 |    58 |    84 |   103 |    12 ||   265
  Dodge: Dodged            |    38 |    84 |    97 |   181 |    20 ||   420
  Block: Buckler           |    23 |    33 |    56 |    65 |    18 ||   195

Table legend: (Time is in decaauts)
 A = Elapsed time spent in this place.
 B = Non-inter-level travel time spent in this place.
 C = Inter-level travel time spent in this place.
 D = Time resting spent in this place.
 E = Time spent auto-exploring this place.
 F = Levels seen in this place.
 G = Mean time per level.
                   A        B        C        D        E       F      G
               +--------+--------+--------+--------+--------+-----+--------+
         Total |  10757 |  10229 |    528 |     83 |   8132 |  15 |  717.1 |
       Dungeon |   9045 |   8614 |    431 |     83 |   6864 |  11 |  822.3 |
        Temple |    437 |    391 |     46 |      0 |    386 |   1 |  437.0 |
          Lair |   1106 |   1056 |     50 |      0 |    787 |   2 |  553.0 |
         Sewer |    168 |    168 |      0 |      0 |     94 |   1 |  168.0 |
               +--------+--------+--------+--------+--------+-----+--------+

Top non-repeatable levels by time:
     D:4: 1154 daAuts
     D:7: 1084 daAuts
     D:5: 1054 daAuts
    D:10: 847 daAuts
  Lair:1: 840 daAuts
     D:3: 786 daAuts
     D:6: 783 daAuts
     D:1: 750 daAuts
     D:9: 712 daAuts
     D:8: 679 daAuts
     D:2: 610 daAuts
    D:11: 582 daAuts
  Temple: 437 daAuts
  Lair:2: 266 daAuts
   Sewer: 168 daAuts
